 Dungeon Sprint DCSS version 0.20-a0-823-gdec668e (webtiles) character file.

91 Musica the Firebug (level 4, -2/24 HPs)
             Began as a Deep Elf Fire Elementalist on Mar 5, 2017.
             Slain by an ufetubus (5 damage)
             ... summoned by a kobold demonologist
             ... in the Dungeon (Sprint III: "The Ten Rune Challenge").
             The game lasted 00:03:50 (616 turns).

Musica the Firebug (Deep Elf Fire Elementalist)      Turns: 616, Time: 00:03:50

Health: -2/24      AC:  2    Str:  5    XL:     4   Next: 34%
Magic:  6/13       EV: 13    Int: 21    God:
Gold:   11         SH:  0    Dex: 15    Spells: 4/14 levels left

rFire    + + .     SeeInvis .   (no weapon)
rCold    + . .     Gourm    .   a - +0 robe
rNeg     . . .     Faith    .   (no shield)
rPois    +         Spirit   .   (no helmet)
rElec    +         Reflect  .   (no cloak)
rCorr    +         Harm     .   (no gloves)
MR       .....     NoTele   +   (no boots)
Stlth    ++........             (no amulet)
Regen    0.1/turn               (no ring)
MPRegen  0.2/turn               (no ring)

@: resistant
A: blink, fire resistance 1
a: Blink


You were in the Dungeon.
You were not hungry.

You visited 1 branch You collected 11 gold pieces.

Inventory:

Armour
 a - a +0 robe (worn)
Scrolls
 h - a scroll of immolation {unknown}
 i - a scroll of blinking
 j - a scroll of enchant weapon {unknown}
 l - 3 scrolls of remove curse
 o - a scroll of holy word {unknown}
 p - a scroll of identify {unknown}
Potions
 d - a potion of curing
 e - a potion of heal wounds
 f - 2 potions of mutation
 g - 2 potions of magic
 n - a potion of flight
Books
 b - a book of Flames

   Spells                             Type                      Level
   a - Flame Tongue                   Conjuration/Fire             1
   b - Throw Flame                    Conjuration/Fire             2
   c - Conjure Flame                  Conjuration/Fire             3
   d - Inner Flame                    Hexes/Fire                   3
   e - Sticky Flame                   Conjuration/Fire             4
   f - Fireball                       Conjuration/Fire             5
Comestibles
 c - a bread ration
 m - a royal jelly
 q - 3 fruits


   Skills:
 - Level 2.4 Dodging
 - Level 2.4 Stealth
 + Level 5.9 Spellcasting
 * Level 4.4 Conjurations
 + Level 7.8 Fire Magic


You had 4 spell levels left.
You knew the following spells:

 Your Spells              Type           Power        Failure   Level  Hunger
a - Flame Tongue          Conj/Fire      ####.        1%          1    None
b - Throw Flame           Conj/Fire      ####..       1%          2    None
c - Conjure Flame         Conj/Fire      ####....     2%          3    ##.....
d - Sticky Flame          Conj/Fire      ####....     10%         4    ####...


Dungeon Overview and Level Annotations

Branches:
Dungeon (1/1)

Altars:
Kikubaaqudgha
Sif Muna
Vehumet


Innate Abilities, Weirdness & Mutations

You can translocate small distances at will.
Your flesh is heat resistant. (rF+)


Message History

Found a thin metal-bound book.
Found a deep blue altar of Sif Muna and an ancient bone altar of Kikubaaqudgha.
A kobold demonologist comes into view. It is wielding a dagger.
Casting: Conjure Flame
Confirm with . or Enter, or press ? or * to list all spells.
Aiming: Throw Flame
Press: ? - help, Shift-Dir - straight line, f - kobold demonologist
Aim: a kobold demonologist, wielding a dagger and wearing a robe The puff of flame hits the kobold demonologist.
The kobold demonologist is severely wounded.
The kobold demonologist mumbles some strange words.
Casting: Throw Flame
Confirm with . or Enter, or press ? or * to list all spells.
Aiming: Throw Flame
Press: ? - help, Shift-Dir - straight line, f/p - kobold demonologist
Aim: a kobold demonologist, wielding a dagger and wearing a robe (severely wounded)
The puff of flame hits the kobold demonologist.
The kobold demonologist is almost dead.
The ufetubus hits you.
You die...

#...#### ##.#
#......#####..#
#.......#..#..#
##.##...#..#..###+#+###
##.###..##'#..#........
###.##..###...'.⌠......
#..##..####...#...#####
...##..###....#.⌠.#
..##...##.....#5@.#
.##....#......#§###
###..##.#.....#K: #
#..#####....#5_p ▓ ▓▓▓▓
▓▓▓▓▓▓▓▓▓▓


You could see a kobold demonologist, a white imp and an ufetubus.

Vanquished Creatures
  A water elemental (D)
  A human (D)
  A wolf (D)
  4 rats (D)
7 creatures vanquished.

Vanquished Creatures (others)
  2 draconian scorchers (D)
  6 hellions (D)
  A yaktaur (D)
9 creatures vanquished.

Grand Total: 16 creatures vanquished

Notes
Turn   | Place    | Note
-------+----------+-------------------------------------------
     0 | D        | Musica the Deep Elf Fire Elementalist began the quest for the Orb.
     0 | D        | Reached XP level 1. HP: 10/10 MP: 6/6
    56 | D        | Reached skill level 4 in Fire Magic
    75 | D        | Killed a hellion
    75 | D        | Killed a hellion
    77 | D        | Killed a hellion
   101 | D        | Reached skill level 5 in Fire Magic
   101 | D        | Reached XP level 2. HP: 13/15 MP: 0/9
   110 | D        | Killed a hellion
   111 | D        | Learned a level 2 spell: Throw Flame
   111 | D        | Killed a hellion
   132 | D        | Killed a hellion
   171 | D        | Killed a yaktaur
   171 | D        | Killed a white draconian scorcher
   223 | D        | Killed a white draconian scorcher
   238 | D        | Reached skill level 6 in Fire Magic
   238 | D        | Reached XP level 3. HP: 13/19 MP: 7/11
   243 | D        | Learned a level 3 spell: Conjure Flame
   342 | D        | Gained mutation: You tend to lose your temper in combat. [potion of mutation]
   342 | D        | Gained mutation: You are dopey. (Int -2) [potion of mutation]
   342 | D        | Lost mutation: You are dopey. (Int -2) [potion of mutation]
   344 | D        | Lost mutation: You tend to lose your temper in combat. [potion of mutation]
   344 | D        | Gained mutation: Your flesh is heat resistant. (rF+) [potion of mutation]
   344 | D        | Gained mutation: You can translocate small distances at will. [potion of mutation]
   348 | D        | Noticed a water elemental
   352 | D        | Killed a water elemental
   352 | D        | Reached skill level 5 in Spellcasting
   352 | D        | Reached skill level 7 in Fire Magic
   352 | D        | Reached XP level 4. HP: 12/24 MP: 7/13
   606 | D        | Learned a level 4 spell: Sticky Flame
   611 | D        | Found a radiant altar of Vehumet.
   613 | D        | Found a deep blue altar of Sif Muna.
   613 | D        | Found an ancient bone altar of Kikubaaqudgha.
   613 | D        | Noticed a wizard
   616 | D        | Slain by an ufetubus

Vault maps used:
D:        dungeon_sprint_mu

Skill      XL: |  1  2  3 |
---------------+----------+-----
Fire Magic     | 5 6 7 |  7.8
Spellcasting   | 4 5 |  5.9
Conjurations   | 2 3 4 |  4.4
Dodging        | |  2.4
Stealth        | |  2.4

Action                   |  1- 3 |  4- 6 || total
-------------------------+-------+-------++-------
Melee: Unarmed           |     8 |       ||     8
 Cast: Flame Tongue      |    15 |       ||    15
       Conjure Flame     |     1 |     1 ||     2
       Throw Flame       |       |     2 ||     2
  Use: Potion            |     5 |     1 ||     6
Dodge: Dodged            |     5 |       ||     5
